 Dungeon Crawl Stone Soup version 0.22.1-1-ga44c0e56f4 (webtiles) character file.

824 Ramireus the Covert (level 7, -8/32 HPs)
             Began as a Spriggan Enchanter on Oct 23, 2018.
             Killed by nerve-wracking pain
             ... invoked by a shadow imp
              (14 damage)
             ... on level 5 of the Dungeon.
             The game lasted 00:29:59 (5754 turns).

Ramireus the Covert (Spriggan Enchanter)            Turns: 5754, Time: 00:30:00

Health: -8/32      AC:  2    Str:  4    XL:     7   Next: 64%
Magic:  2/15       EV: 19    Int: 18    God:
Gold:   44         SH:  0    Dex: 17    Spells: 10/15 levels left

rFire    . . .     SeeInvis +   a - +1 dagger
rCold    . . .     Gourm    .   (shield restricted)
rNeg     . . .     Faith    .   b - +0 robe
rPois    .         Spirit   .   (helmet restricted)
rElec    .         Reflect  .   (no cloak)
rCorr    .         Harm     .   (gloves unavailable)
MR       +....                  (boots unavailable)
Stlth    +++++.....             (no amulet)
HPRegen  0.10/turn              (no ring)
MPRegen  0.14/turn              (no ring)

@: very quick
A: very small, unfitting armour, see invisible, herbivore, speed 3, slow
metabolism 2
a: no special abilities


You were on level 5 of the Dungeon.
You were not hungry.

You visited 1 branch of the dungeon, and saw 5 of its levels.

You collected 296 gold pieces.
You spent 252 gold pieces at shops.

Inventory:

Hand Weapons
 a - a +1 dagger (weapon)
Armour
 b - a +0 robe (worn)
Wands
 i - a wand of iceblast (7)
 r - a wand of polymorph (15)
Scrolls
 c - a scroll of identify
 h - a scroll of remove curse
 j - 4 scrolls of amnesia
 k - a scroll of magic mapping
 m - a scroll of immolation {unknown}
 o - 3 scrolls of enchant armour {unknown}
 p - a scroll of teleportation {unknown}
Potions
 e - 2 potions of haste {unknown}
 f - 2 potions of berserk rage
 g - a potion of might
 l - a potion of lignification
 n - a potion of agility {unknown}
 s - a potion of curing
 t - a potion of invisibility
Comestibles
 d - 3 rations


   Skills:
 + Level 0.6 Fighting
 + Level 2.4 Short Blades
 + Level 3.6 Dodging
 - Level 10.0 Stealth
 + Level 4.8 Spellcasting
 * Level 6.0 Hexes
 + Level 1.4 Ice Magic


You had 10 spell levels left.
You knew the following spells:

 Your Spells              Type           Power        Failure   Level  Hunger
b - Ensorcelled Hibernat  Hex/Ice        ###...       4%          2    #......
c - Confuse               Hex            ####....     3%          3    ###....

Your spell library contained the following spells:

 Spells                   Type           Power        Failure   Level  Hunger
 Corona                   Hex            ####...      1%          1    None
 Tukima's Dance           Hex            ####....     3%          3    ###....
 Dazzling Spray           Conj/Hex       ###...       12%         3    ###....


Dungeon Overview and Level Annotations

Branches:
Dungeon (5/15)
 Temple: D:4-7

Altars:
Wu Jian

Shops:
D:5 !


Innate Abilities, Weirdness & Mutations

You are very small and have problems with some larger weapons.
You are too small for most types of armour.
You have supernaturally acute eyesight. (SInv)
You are a herbivore.
You cover ground extremely quickly.
You need to consume almost no food.


Message History

Confirm with . or Enter, or press ? or * to list all spells.
Aiming: Ensorcelled Hibernation (safe; 4% risk of failure)
Press: ? - help, Shift-Dir - straight line, f - orc
Aim: an orc (chance to defeat MR: 65%)
The orc resists with significant effort.
The bullfrog skeleton hits you!
* * * LOW HITPOINT WARNING * * *
The orc misses you.
The bullfrog skeleton completely misses you.
The orc throws a tomahawk.
The tomahawk closely misses you.
You see here a tomahawk.
The orc throws a tomahawk.
The tomahawk closely misses you.
You see here a tomahawk.
The orc throws a tomahawk.
The tomahawk hits you.
* * * LOW HITPOINT WARNING * * *
The shadow imp shouts, "Return whence thou came, thou defiled doghearted The shadow imp completely misses you.
The shadow imp gestures at you. Pain shoots through your body!
You die...

..#.#...###.#.............#..#...
..#.#.......#.......o)....#......
.........##.#...Z.Z(.(....#..####
............#.########'####....).
....#.##.##.#.Z### *#...#*#...###
.........##.#....#*#Z.?..##...# #
..#.#.##.##.#....##.......#...###
............#..5..#.......#......
###.#.##.##(##..@.#5...S.c#......
# #.#.##.##.##....##..oZ.##.#....
# #.#.......####..###...###.#.###
###.#.##.##.#####.# **#####..<...
..................####........###
.........##..##.#>...............
#.#.#.....#..##........####......
.......................# #.#.###
#.#.......#..###......## #.#.# *


You could see a shadow imp and a bullfrog skeleton.

Vanquished Creatures
  A black bear (D:3)
  2 centaurs (D:5)
  A howler monkey (D:5)
  5 orc wizards
  2 centaur skeletons
  3 orc priests (D:4)
  2 worker ants (D:4)
  A worker ant zombie (D:5)
  A gnoll (D:1)
  7 adders
  2 oozes
  An adder zombie (D:5)
  4 worms
  2 leopard geckos
  18 orcs
  2 ball pythons (D:3)
  7 giant cockroaches
  6 goblins
  10 hobgoblins
  6 jackals
  2 quokkas
  7 bats
  8 frilled lizards
  6 kobolds
  6 rats
112 creatures vanquished.

Notes
Turn   | Place    | Note
-------+----------+-------------------------------------------
     0 | D:1      | Ramireus the Spriggan Enchanter began the quest for the
                  | Orb.
     0 | D:1      | Reached XP level 1. HP: 9/9 MP: 5/5
   628 | D:1      | Reached XP level 2. HP: 13/13 MP: 6/6
   638 | D:1      | Learned a level 2 spell: Ensorcelled Hibernation
   686 | D:1      | Reached skill level 5 in Stealth
   863 | D:1      | Reached XP level 3. HP: 16/16 MP: 0/8
   868 | D:1      | Learned a level 3 spell: Confuse
  1606 | D:2      | Found an ornate altar of the Wu Jian Council.
  1985 | D:2      | Reached skill level 6 in Stealth
  2162 | D:2      | Reached XP level 4. HP: 21/21 MP: 9/9
  2831 | D:3      | Reached skill level 7 in Stealth
  2872 | D:3      | Reached XP level 5. HP: 14/24 MP: 0/10
  3153 | D:3      | Noticed a black bear
  3155 | D:3      | Killed a black bear
  3155 | D:3      | Reached skill level 8 in Stealth
  3439 | D:4      | Reached XP level 6. HP: 25/29 MP: 5/12
  3702 | D:4      | Reached skill level 1 in Ice Magic
  4217 | D:4      | Reached skill level 5 in Hexes
  4577 | D:4      | Reached skill level 9 in Stealth
  4862 | D:5      | Entered Level 5 of the Dungeon
  5030 | D:5      | Reached XP level 7. HP: 32/32 MP: 11/14
  5040 | D:5      | Found Tuzorph's Distillery.
  5048 | D:5      | Bought a potion of might for 48 gold pieces
  5048 | D:5      | Bought a potion of berserk rage for 60 gold pieces
  5048 | D:5      | Bought a potion of degeneration for 12 gold pieces
  5048 | D:5      | Bought a potion of curing for 36 gold pieces
  5048 | D:5      | Bought a potion of invisibility for 96 gold pieces
  5713 | D:5      | Reached skill level 10 in Stealth
  5754 | D:5      | Killed from afar by a shadow imp

Skill      XL: |  1  2  3  4  5  6  7 |
---------------+----------------------+-----
Stealth        | 5 6 7 8 9 10 | 10.0
Hexes          | 4 5 6 |  6.0
Spellcasting   | 3 4 |  4.8
Short Blades   | 2 |  2.4
Ice Magic      | 1 |  1.4
Fighting       | |  0.6
Dodging        | |  3.6

Action                   |  1- 3 |  4- 6 |  7- 9 || total
-------------------------+-------+-------+-------++-------
Melee: Dagger            |   123 |   150 |    61 ||   334
 Cast: Corona            |     7 |       |       ||     7
       Ensorcelled Hiber |    33 |    55 |    15 ||   103
       Confuse           |       |     4 |     8 ||    12
  Use: Scroll            |       |     5 |       ||     5
       Potion            |       |     3 |     1 ||     4
 Stab: Sleeping          |    28 |    47 |    12 ||    87
       Confused          |       |     1 |     1 ||     2
  Eat: Ration            |     1 |     3 |       ||     4
Armor: Robe              |    15 |     6 |     4 ||    25
       Skin              |       |    13 |       ||    13
Dodge: Dodged            |   127 |    78 |    48 ||   253
